 Dungeon Crawl Stone Soup version 0.30.1 (webtiles) character file.

Game seed: 14867519805465538795

8502 GloriousHammer the Cleaver (level 11, -2/97 HPs)
             Began as a Hill Orc Monk on July 2, 2023.
             Was a Priest of Beogh.
             Slain by a molten gargoyle
             ... wielding a +0 flail
              (9 damage)
             ... on level 10 of the Dungeon.
             The game lasted 00:39:26 (13545 turns).

GloriousHammer the Cleaver (Hill Orc Monk)         Turns: 13545, Time: 00:39:27

Health: -2/97      AC: 19    Str: 19    XL:     11   Next: 31%
Magic:  14/14      EV:  7    Int: 10    God:    Beogh [***...]
Gold:   495        SH:  0    Dex: 13    Spells: 8/10 levels left

rFire   . . .        a - +2 hand axe (elec)
rCold   . . .        d - orb {light}
rNeg    . . .        P - +0 plate armour
rPois   .            C - +0 helmet
rElec   .            E - scarf {repulsion}
rCorr   .            (no gloves)
SInv    .            e - +0 pair of boots
Will    .....        k - amulet of the acrobat Stlth
                     L - ring of flight
HPRegen 0.36/turn    T - +4 ring of protection
MPRegen 0.14/turn

%: repel missiles, acrobat
@: about to teleport, flying, glowing
A: no striking features
a: Renounce Religion, Smiting


You were on level 10 of the Dungeon.
You worshipped Beogh.
Beogh was most pleased with you.
You visited 2 branches of the dungeon, and saw 11 of its levels.
You also visited: Sewer, Ossuary and Bailey.

You collected 729 gold pieces.
You spent 234 gold pieces at shops.

Inventory:

Hand Weapons
 a - a +2 hand axe of electrocution (weapon)
 b - a +0 sling
 O - a +0 war axe
Missiles
 h - 5 javelins
 p - 25 poisoned darts
 J - 5 silver boomerangs
 M - a curare-tipped dart
 V - 4 throwing nets
Armour
 d - an orb of light (worn)
 e - a +0 pair of boots (worn)
 C - a +0 helmet (worn)
 E - a scarf of repulsion (worn)
 P - a +0 plate armour (worn)
 Q - a +0 buckler
 S - a scarf of resistance
Jewellery
 k - an amulet of the acrobat (around neck)
 D - a +6 ring of dexterity
 L - a ring of flight (left hand)
 T - a +4 ring of protection (right hand)
 U - a +6 ring of intelligence
 Z - a ring of wizardry
Wands
 x - a wand of acid (3)
 y - a wand of roots (5)
 F - a wand of flame (51)
Scrolls
 i - 4 scrolls of fog
 j - 3 scrolls of fear (quivered)
 l - 3 scrolls of immolation
 m - 5 scrolls of amnesia
 o - 2 scrolls of poison
 r - 9 scrolls of teleportation
 s - 3 scrolls of enchant armour
 t - 2 scrolls of enchant weapon {unknown}
 u - a scroll of silence {unknown}
 B - 2 scrolls of noise {unknown}
 R - a scroll of magic mapping
Potions
 c - a potion of ambrosia
 f - 9 potions of flight
 g - 3 potions of brilliance
 n - 2 potions of attraction
 q - 10 potions of curing
 v - 2 potions of might {unknown}
 w - 3 potions of haste {unknown}
 z - 2 potions of degeneration {unknown}
 A - 3 potions of lignification {unknown}
 G - 2 potions of heal wounds {unknown}
 H - a potion of mutation {unknown}
 K - 2 potions of magic {unknown}
 N - 2 potions of cancellation {unknown}
Miscellaneous
 W - a phial of floods


   Skills:
 + Level 9.2 Fighting
 - Level 14.0 Axes
 - Level 4.0 Throwing
 + Level 7.2 Armour
 - Level 4.0 Dodging
 + Level 3.8 Shields
 + Level 2.9 Translocations
 + Level 4.7 Invocations
 - Level 4.0 Evocations


You had 8 spell levels left.
You knew the following spells:

 Your Spells              Type           Power      Damage    Failure   Level
a - Lesser Beckoning      Tloc           10%        N/A       99%         2

Your spell library contained the following spells:

 Spells                   Type           Power      Damage    Failure   Level
 Kiss of Death            Conj/Necr      0%         2d5       100%        1
 Cigotuvi's Dreadful Rot  Necr/Pois/Air  0%         N/A       100%        2
 Poisonous Vapours        Pois/Air       0%         N/A       100%        2
 Confusing Touch          Hex            0%         N/A       100%        3
 Gell's Gravitas          Tloc           5%         N/A       100%        3
 Ignite Poison            Fire/Tmut/Pois 0%         N/A       100%        3
 Mephitic Cloud           Conj/Pois/Air  0%         N/A       100%        3
 Ozocubu's Armour         Ice            0%         N/A       100%        3
 Teleport Other           Tloc           5%         N/A       100%        3
 Dispel Undead            Necr           0%         3d6       100%        4
 Flame Wave               Conj/Fire      0%         2d4       100%        4
 Iskenderun's Mystic Bla  Conj/Tloc      2%         2d3       100%        4
 Passage of Golubria      Tloc           5%         N/A       100%        4
 Freezing Cloud           Conj/Ice/Air   0%         6-21      100%        5
 Metabolic Englaciation   Hex/Ice        0%         N/A       100%        5
 Simulacrum               Ice/Necr       0%         N/A       100%        6


Dungeon Overview and Level Annotations

Branches:
Dungeon (10/15)            Temple (1/1) D:7             Orc (0/2) D:9
  Sewer (visited)         Ossuary (visited)          Bailey (visited)
   Lair: D:8-11

Altars:
Ashenzari
Cheibriados
Dithmenos
Elyvilon
Fedhas
Gozag
Hepliaklqana
Kikubaaqudgha
Makhleb
Nemelex Xobeh
Okawaru
Qazlal
Ru
Sif Muna
Trog
Uskayaw
Vehumet
Wu Jian
Xom
Yredelemnul
Zin
The Shining One
Jiyva

Shops:
D:3 =   D:6 *   D:9 (

Annotations:
D:6 exclusion: downstairs


Message History

a +0 halberd; a +0 chain mail HP restored.
Things that are here:
a +0 halberd; a +0 chain mail; a gnoll skeleton
There is an open door, spattered with blood here.
Things that are here:
a +0 halberd; a +0 chain mail
Things that are here:
a +0 spear; a +0 scale mail
Found a +0 halberd.
There is an open door here.
You pick up the Enchiridion on Searing Peregrination and begin reading...
You add the spells Iskenderun's Mystic Blast, Flame Wave and Passage of Golubria to your library.
You see here a +0 halberd.
Done exploring.
Done exploring.
You see here a +0 halberd.
There is an open door here.
Things that are here:
a +0 spear; a +0 scale mail
There is an open door, spattered with blood here.
Things that are here:
a +0 halberd; a +0 chain mail
Things that are here:
a +0 halberd; a +0 scale mail
There is an open door, spattered with blood here.
Things that are here:
a +0 trident; a +0 ring mail
There is an open door, spattered with blood here.
Things that are here:
a +0 spear; a +0 ring mail
Things that are here:
a +0 spear; a +0 ring mail
There is an open gate here.
Things that are here:
a +0 trident; a +0 scale mail
There is an empty arch of ancient stone here.
There is a gate leading back out of this place here.
As you read the scroll of identify, it crumbles to dust.
s - 3 scrolls of enchant armour Welcome back to the Dungeon!
There is an empty arch of ancient stone here.
There is an escape hatch in the floor here.
You enter the shallow water.
Moving in this stuff is going to be slow.
You open the door.
There is an open door here.
You now have 495 gold pieces (gained 10).
You open the door.
There is an open door here.
You open the door.
There is an open door here.
Found a chain mail.
You see here a +0 chain mail.
You open the door.
There is an open door here.
You open the door.
An orc wizard and an orc come into view.
The orc is wielding a +0 whip and quivering silver boomerangs.
The orc wizard shouts!
The orc shouts!
You hear a shout!
An orc comes into view. It is wielding a +2 vampiric falchion.
The orc wizard moves out of view.
There is an open door here.
The orc shouts!
The orc throws a silver boomerang.
The silver boomerang closely misses you.
There is an open door here.
The orc throws a silver boomerang.
The silver boomerang completely misses you.
There is an open door here.
Why would you want to do that?
There is an open door here.
As you close the door, it creaks loudly!
You start waiting.
An orc wizard opens the door.
It is wielding a +3 dagger.
The orc wizard casts a spell at you.
The puff of flame is repelled.
The orc completely misses you.
There is an open door here.
You hit the orc wizard.
The orc wizard is heavily wounded.
You hit the orc.
The orc wizard hits you with a +3 dagger.
The orc hits you but does no damage.
You barely miss the orc wizard.
The orc wizard is heavily wounded.
You hit the orc but do no damage.
The orc wizard hits you but does no damage.
The orc hits you with a +2 vampiric falchion.
The orc draws strength from your wounds!
You closely miss the orc wizard.
The orc wizard is heavily wounded.
You hit the orc but do no damage. You hit the orc wizard.
Lightning courses through the orc wizard!
You kill the orc wizard!
Beogh accepts your kill.
You hit the orc.
The orc hits you with a +2 vampiric falchion.
The orc draws strength from your wounds!
You slash the orc!
You kill the orc!
Beogh accepts your kill.
You hit the orc. Lightning courses through the orc!
You kill the orc!
Beogh accepts your kill.
J - 5 silver boomerangs (gained 2)
Things that are here:
a +0 whip; a +3 dagger; a +0 robe
Things that are here:
a +2 vampiric falchion; a +0 chain mail HP restored.
You open the door.
Things that are here:
a +0 whip; a +3 dagger; a +0 robe
There is an open door, spattered with blood here.
There is an open door here.
You see here a +0 chain mail.
You open the door.
There is an open door here.
A molten gargoyle comes into view. It is wielding a +0 flail.
A molten gargoyle is nearby! 2 molten gargoyles come into view.
You see here 10 gold pieces.
You hit the molten gargoyle but do no damage.
The molten gargoyle hits you with a +0 mace.
You are engulfed in flames!
The molten gargoyle attacks as you move away!
The molten gargoyle misses you.
The molten gargoyle blasts magma at you!
The bolt of magma misses you.
There is an open door here.
Why would you want to do that?
The molten gargoyle blasts magma at you!
The bolt of magma hits you.
The molten gargoyle blasts magma at you!
The bolt of magma misses you.
You're wearing all the rings you can.
Remove which one? (? for menu, Esc to cancel) < or
D - a +6 ring of dexterity; > or
T - a +4 ring of protection You remove your +6 ring of dexterity.
You feel clumsy.
You fly up into the air.
L - a ring of flight (left hand)
The molten gargoyle blasts magma at you!
The bolt of magma misses you. As you open the door, it creaks loudly!
There is an open door here.
The molten gargoyle blasts magma at you!
The bolt of magma hits you.
You reach down and close the door.
Something unseen breaks down the door.
Aiming: Corrosive Bolt
Press: ? - help, Shift-Dir - straight line, f - molten gargoyle
Aim: a molten gargoyle, wielding a +0 mace (84% to hit)
Okay, then.
The molten gargoyle blasts magma at you!
The bolt of magma hits you!
The molten gargoyle attacks as you move away!
The molten gargoyle completely misses you.
The molten gargoyle blasts magma at you!
The bolt of magma hits you!!
Aiming: Fastroot
Press: ? - help, Shift-Dir - straight line, f - molten gargoyle
Aim: a molten gargoyle, wielding a +0 flail (haloed)
The roots erupt in riotous growth!
Roots grab the molten gargoyle.
The grasping roots constrict the molten gargoyle, but do no damage.
The molten gargoyle struggles to escape constriction.
Aiming: Corrosive Bolt
Press: ? - help, Shift-Dir - straight line, p - molten gargoyle The bolt of acid hits the molten gargoyle but does no damage.
The bolt of acid hits the molten gargoyle!
The acid corrodes the molten gargoyle!
The molten gargoyle is heavily damaged.
The grasping roots constrict the molten gargoyle.
The molten gargoyle struggles to escape constriction.
The molten gargoyle hits you but does no damage.
You hit the molten gargoyle but do no damage. x2
The grasping roots constrict the molten gargoyle.
The roots release their grip on the molten gargoyle.
The molten gargoyle hits you with a +0 flail.
You are engulfed in flames!
You hit the molten gargoyle but do no damage. x2
You hit the molten gargoyle but do no damage. x2
The molten gargoyle blasts magma at you!
The bolt of magma hits you!!
* * * LOW HITPOINT WARNING * * *
The molten gargoyle blasts magma at you!
The bolt of magma hits you!
* * * LOW HITPOINT WARNING * * *
You can't see any enemies this would affect, really read the scroll of fear?
Okay, then.
The molten gargoyle blasts magma at you!
The bolt of magma misses you.
As you read the scroll of teleportation, it crumbles to dust.
You feel strangely unstable.
The molten gargoyle hits you with a +0 flail.
* * * LOW HITPOINT WARNING * * *
You are engulfed in flames!
You die...

#≈...##♣.♣##..9≈#.......#
#....
#≈≈≈≈≈≈#.#≈≈≈≈≈≈#.......#
#....
######≈#.#9######.......#
+....
.....#≈.9.≈#............#
#..>.
.....#≈.9.≈#............#
#....
.....#≈...≈#............+
###'#
.....#≈≈.≈≈#............##
#..
###'####'###...9..$......#
### #.#
#.....#.#@#.#.#$#.# #
###.## ######.#9#.#.#.#.##
#### .....# ##.9.≈.....#.#
#... ≈~≈≈.# #.#.≈≈§≈≈≈..#.
+... .>.≈.#
#.#.≈≈≈≈≈≈≈§#.. #...
.∩.~.## #..#.≈≈88≈≈≈.#.#
#... ...≈..#
#.#.§≈≈88§≈.#.## #)..
≈)≈≈..# #.≈≈≈§≈§≈. #...
).)...# ..≈≈≈§§§. #...


You could see 3 molten gargoyles.

Vanquished Creatures
  A wizard (D:9)
  3 trolls
  Grinder (D:6)
  A hornet (D:7)
  Sigmund (D:3)
  6 yaks (D:10)
  A steam dragon (D:7)
  Menkaure (D:7)
  2 water moccasins
  An orc warrior (D:9)
  2 sky beasts (D:7)
  An ice beast (D:7)
  3 ogres
  4 wolves (Bailey)
  6 centaurs
  2 kobold brigands
  4 elf zombies
  9 bullfrogs
  11 gnoll sergeants
  A scorpion (D:6)
  8 wights
  4 killer bees (D:9)
  2 vampire bats (D:7)
  3 howler monkeys
  A human zombie (Ossuary)
  A jelly (D:7)
  2 hounds (Bailey)
  3 orc priests
  7 gnoll boudas
  A human skeleton (D:8)
  7 iguanas
  Natasha (thrice) (D:3)
  7 orc wizards
  A sickly merfolk siren (Sewer)
  A malarious merfolk avatar (Sewer)
  2 mummies (Ossuary)
  36 gnolls
  17 adders
  A river rat (Sewer)
  3 shadow imps
  An ufetubus (D:5)
  3 adder zombies (Ossuary)
  4 worms
  3 dart slugs (D:4)
  33 orcs
  12 ball pythons
  10 endoplasms
  4 giant cockroaches
  11 goblins
  8 hobgoblins
  2 jackals (D:3)
  4 quokkas
  11 bats
  6 frilled lizards
  2 goblin zombies (Ossuary)
  8 hobgoblin zombies (Ossuary)
  18 kobolds
  12 kobold zombies (Ossuary)
  2 orc skeletons (D:8)
  7 orc zombies
  31 rats
  2 rat zombies (Ossuary)
  A butterfly (D:7)
366 creatures vanquished.

Vanquished Creatures (others)
  4 jellies (D:9)
  An orc (D:9)
5 creatures vanquished.

Grand Total: 371 creatures vanquished

Notes
Turn   | Place    | Note
-------+----------+-------------------------------------------
     0 | D:1      | GloriousHammer the Hill Orc Monk began the quest for the
                  | Orb.
     0 | D:1      | Reached XP level 1. HP: 19/19 MP: 1/1
   231 | D:1      | Reached XP level 2. HP: 22/26 MP: 2/2
   326 | D:1      | Reached skill level 5 in Axes
   469 | D:1      | Reached XP level 3. HP: 28/31 MP: 3/3
  1167 | D:2      | Reached skill level 6 in Axes
  2017 | D:3      | Reached XP level 4. HP: 21/39 MP: 4/4
  2247 | D:3      | Reached skill level 7 in Axes
  2256 | D:3      | Reached XP level 5. HP: 41/45 MP: 5/5
  2263 | D:3      | Noticed Natasha
  2272 | D:3      | Killed Natasha
  2290 | D:3      | Noticed Sigmund
  2380 | D:3      | Killed Sigmund
  2381 | D:3      | Reached skill level 9 in Axes
  2381 | D:3      | Reached XP level 6. HP: 51/51 MP: 6/6
  2431 | D:3      | Noticed Natasha
  2438 | D:3      | Killed Natasha
  2546 | D:3      | You fall into a shaft and drop 3 floors!
  2764 | D:5      | Entered Level 5 of the Dungeon
  2886 | D:4      | Reached XP level 7. HP: 54/58 MP: 7/7
  3026 | D:4      | Reached skill level 10 in Axes
  3026 | D:4      | Reached skill level 1 in Armour
  3271 | D:4      | Found a glowing drain.
  3281 | Sewer    | Entered a sewer
  4601 | D:3      | Found Asiyvu's Jewellery Shop.
  4671 | D:3      | Noticed Natasha
  4675 | D:3      | Killed Natasha
  5464 | D:5      | Found a hide-covered altar of Uskayaw.
  5619 | D:5      | Reached XP level 8. HP: 66/67 MP: 8/8
  5759 | D:6      | Reached skill level 5 in Fighting
  5759 | D:6      | Reached skill level 11 in Axes
  5773 | D:6      | Noticed a troll
  5789 | D:6      | Killed a troll
  6083 | D:6      | Reached skill level 12 in Axes
  6115 | D:6      | Found Deutism's Assorted Antiques.
  6120 | D:6      | Bought a runed iron wand for 136 gold pieces
  6120 | D:6      | Bought 2 scrolls labelled ZIRYLAFAATA for 68 gold pieces
  6120 | D:6      | Bought a metallic yellow potion for 30 gold pieces
  6131 | D:6      | Reached skill level 1 in Evocations
  6285 | D:6      | Reached skill level 1 in Throwing
  6503 | D:6      | Noticed Grinder
  6519 | D:6      | Paralysed by Grinder for 4 turns
  6525 | D:6      | Killed Grinder
  6526 | D:6      | Reached XP level 9. HP: 57/75 MP: 9/9
  8342 | D:7      | Found a staircase to the Ecumenical Temple.
  8346 | D:7      | Noticed Menkaure
  8356 | D:7      | Reached skill level 13 in Axes
  8357 | D:7      | Killed Menkaure
  8376 | Temple   | Entered the Ecumenical Temple
  9019 | D:7      | Noticed a hornet
  9028 | D:7      | Killed a hornet
  9381 | D:8      | Reached XP level 10. HP: 86/86 MP: 10/10
  9402 | D:8      | Reached skill level 5 in Armour
  9690 | D:8      | Found a sand-covered staircase.
  9697 | Ossuary  | Entered an ossuary
  9820 | Ossuary  | Reached skill level 14 in Axes
 10494 | D:9      | Found Tyjued's Weapon Boutique.
 10494 | D:9      | Found a staircase to the Orcish Mines.
 10567 | D:9      | Became a worshipper of Beogh the Brigand
 10567 | D:9      | Reached * piety under Beogh
 10567 | D:9      | Reached ** piety under Beogh
 10590 | D:9      | Learned a level 2 spell: Lesser Beckoning
 10688 | D:9      | Reached skill level 1 in Invocations
 10866 | D:9      | Reached skill level 1 in Shields
 10896 | D:9      | Noticed a wizard
 10932 | D:9      | Killed a wizard
 10933 | D:9      | Reached skill level 1 in Translocations
 11062 | D:9      | Found a viscous altar of Jiyva.
 11339 | D:9      | Found a radiant altar of Vehumet.
 11339 | D:9      | Found a shimmering blue altar of Sif Muna.
 11434 | D:10     | Entered Level 10 of the Dungeon
 11571 | D:10     | Reached XP level 11. HP: 82/95 MP: 13/13
 11739 | D:10     | Found a flagged portal.
 11753 | D:10     | Reached *** piety under Beogh
 11762 | Bailey   | Entered a bailey
 13349 | Bailey   | Got the Enchiridion on Searing Peregrination
 13545 | D:10     | Slain by a molten gargoyle

Illustrated notes

Levels and vault maps discovered:
D:1:      psy_arrival_whirlpool, layout_basic
D:2:      layout_rooms
D:3:      layout_loops_ring, serial_shops, shop, uniq_sigmund, uniq_natasha
D:4:      layout_layer_cave, cheibrodos_sewer_entry_bend
D:5:      layout_loops_corners, overflow_temple_1_default
D:6:      layout_layer_cave, serial_shops, kennysheep_little_box,
          nicolae_half_adder, uniq_grinder
D:7:      layout_rooms, minmay_temple_entry_butterflies, roderic_batcave,
          kennysheep_nondescript, minmay_misc_feat_more_columns,
          solitary_fountain, uniq_menkaure
D:8:      layout_basic, nicolae_ossuary_entry_catacombs
D:9:      cheibrodos_wizards_tower, layout_irregular_city,
          gammafunk_temple_overflow_statue, orc_david_3, jiyva_altar_1
D:10:     layout_roguey, enter_bailey_5, kennysheep_minor_cross, minivault_16,
          minivault_8, uniq_fannar
Temple:   compressed_dpeg_triangle_lava_temple

Skill      XL: |  1  2  3  4  5  6  7  8  9 10 11 |
---------------+----------------------------------+-----
Axes           | 5 6 7 9 10 12 13 14 | 14.0
Fighting       | 4 6 7 8 9 |  9.2
Armour         | 2 3 4 6 7 |  7.2
Evocations     | 1 3 4 |  4.0
Throwing       | 1 3 4 |  4.0
Dodging        | 3 4 |  4.0
Invocations    | 3 4 |  4.7
Shields        | 2 3 |  3.8
Translocations | 2 |  2.9

Action                     |  1- 3 |  4- 6 |  7- 9 | 10-12 || total
---------------------------+-------+-------+-------+-------++-------
  Melee: Hand axe          |   118 |    66 |   338 |   455 ||   977
  Throw: Dart              |       |       |     4 |       ||     4
 Invoke: Convert to Beogh  |       |       |       |     1 ||     1
  Evoke: Wand              |       |       |     1 |     3 ||     4
    Use: Scroll            |     3 |       |     6 |     5 ||    14
 Armour: Robe              |    15 |       |       |       ||    15
         Leather armour    |     8 |     8 |       |       ||    16
         Ring mail         |       |     6 |    21 |       ||    27
         Scale mail        |       |       |    11 |       ||    11
         Chain mail        |       |       |    78 |    49 ||   127
         Plate armour      |       |       |       |   148 ||   148
  Dodge: Dodged            |    64 |    40 |   161 |   231 ||   496
         Repelled          |       |       |       |     3 ||     3
  Block: Buckler           |       |       |       |     9 ||     9
